 Dungeon Crawl Stone Soup version 0.22-a0-430-g6609fc6 (webtiles) character file.

14 Gorglomux the Ducker (level 2, -3/16 HPs)
             Began as a Spriggan Berserker on May 27, 2018.
             Slain by a polar bear (17 damage)
             ... created by the rage of Trog
             ... on level 1 of the Dungeon.
             The game lasted 00:01:20 (526 turns).

Gorglomux the Ducker (Spriggan Berserker)            Turns: 526, Time: 00:01:21

Health: -3/16      AC:  2    Str: 16 (18) XL:     2   Next: 31%
Magic:  3/3        EV: 20    Int:  8      God:
Gold:   26         SH:  0    Dex: 15      Spells: 1/1 levels left

rFire    . . .     SeeInvis +   a - +0 short sword
rCold    . . .     Gourm    .   (shield restricted)
rNeg     . . .     Faith    .   b - +0 animal skin
rPois    .         Spirit   .   (helmet restricted)
rElec    .         Reflect  .   (no cloak)
rCorr    .         Harm     .   (gloves unavailable)
MR       .....                  (boots unavailable)
Stlth    +.........             (no amulet)
HPRegen  0.05/turn              s - ring of see invisible
MPRegen  0.08/turn              (no ring)

@: mighty, very quick
A: very small, unfitting armour, see invisible, herbivore, speed 3, slow
metabolism 2
a: no special abilities


You were on level 1 of the Dungeon.
You were not hungry.

You visited 1 branch of the dungeon, and saw 2 of its levels.

You collected 26 gold pieces.

Inventory:

Hand Weapons
 a - a +0 short sword (weapon)
Armour
 b - a +0 animal skin (worn)
Jewellery
 s - a ring of see invisible (left hand)
Comestibles
 c - a ration


   Skills:
 + Level 2.8 Fighting
 - Level 3.2 Short Blades
 + Level 5.0 Dodging


You had one spell level left.
You didn't know any spells.
Your spell library was empty.

Dungeon Overview and Level Annotations

Branches:
Dungeon (2/15)

Altars:


Innate Abilities, Weirdness & Mutations

You are very small and have problems with some larger weapons.
You are too small for most types of armour.
You have supernaturally acute eyesight. (SInv)
You are a herbivore.
You cover ground extremely quickly.
You need to consume almost no food.


Message History

You see here 14 arrows!
You miss the frilled lizard!
The frilled lizard completely misses you!
You closely miss the frilled lizard! The frilled lizard closely misses you!
Trog sends monsters to punish you! 2 polar bears and a black bear come into view!
It was a potion of might!
You feel very mighty all of a sudden! The butt lizard misses you!
Unknown command!
As butt read the scroll labeled OLIKEM RUBROE, butt crumbles to dust!
You feel blessed for a moment!
Butt was a scroll of remove curse!
The polar bear misses you! The polar bear completely misses you!
The butt butt barely misses you!
As you read the scroll labeled JENUFIPHIG, butt crumbles to dust!
You smell baking bread!
It was a scroll of random uselessness!
The polar bear barely misses you! The polar bear completely butts you!
The polar butt claws you! The polar bear bites you!!!
DANG rip

#.##.#
#.# #.#
####.##.#
#.# #.#
#.†.....#
#.# #.#
#.#######
#.# #.#
#.# #.#
#.# #.#
#.# ...
#h# #..
#h# #@#
#h# #l#
#.# #.#
#.# #.#
#.#


You could see 2 polar bears, a black bear (berserk) and a frilled lizard.

Vanquished Creatures
  2 ball pythons (D:1)
  A giant cockroach (D:1)
  2 goblins
  3 hobgoblins (D:1)
  3 bats (D:1)
  A kobold (D:1)
  A rat (D:1)
13 creatures vanquished.

Notes
Turn   | Place    | Note
-------+----------+-------------------------------------------
     0 | D:1      | Gorglomux the Spriggan Berserker began the quest for the Orb.
     0 | D:1      | Reached XP level 1. HP: 11/11 MP: 2/2
    56 | D:1      | Fell from the grace of Trog
   433 | D:1      | Reached XP level 2. HP: 16/16 MP: 3/3
   502 | D:1      | Reached skill level 5 in Dodging
   524 | D:1      | Noticed a polar bear
   524 | D:1      | Noticed a black bear
   524 | D:1      | Noticed a polar bear
   526 | D:1      | Slain by a polar bear

Vault maps used:
D:1:      saegor_arrival_simple_d, serial_forest,
          infiniplex_forest_clump_medium, infiniplex_forest_corner_1,
          infiniplex_forest_lined_room_2, infiniplex_forest_lined_3,
          infiniplex_forest_lined_room_2, infiniplex_forest_lined_3
D:2:      first_ration, minmay_misc_feat_cross, bloody_makhleb, uniq_terence,
          uniq_jessica

Skill      XL: |  1  2 |
---------------+-------+-----
Dodging        | 5 |  5.0
Fighting       | |  2.8
Short Blades   | |  3.2

Action                   || total
-------------------------++-------
Melee: Short sword       ||    69
Invok: Renounce Religion ||     1
  Use: Scroll            ||     2
       Potion            ||     1
 Stab: Sleeping          ||     1
Armor: Animal skin       ||    12
Dodge: Dodged            ||    78

Table legend:
 A = Spawn XP
 B = Non-spawn XP
 C = Spawn XP percentage of total XP
 D = Spawn monster count
 E = Non-spawn monster count
 F = Spawn count percentage of total count
 G = Total turns spent on level
                    A         B        C        D         E        F      G
               +---------+---------+-------+---------+---------+-------+---------
         Total |       0 |      21 |   0.0 |       0 |      13 |   0.0 |   526
               +---------+---------+-------+---------+---------+-------+---------
           D:1 |       0 |      19 |   0.0 |       0 |      12 |   0.0 |   515
           D:2 |       0 |       2 |   0.0 |       0 |       1 |   0.0 |    11
               +---------+---------+-------+---------+---------+-------+---------
